 Dungeon Crawl Stone Soup version 0.17.1-3-g152610e (webtiles) character file.

401 Heskey the Cudgeler (level 6, -5/67 HPs)
             Began as an Ogre Berserker on Mar 18, 2016.
             Was a Priest of Trog.
             Slain by a worker ant (6 damage)
             ... on level 4 of the Dungeon.
             The game lasted 00:05:31 (2922 turns).

Heskey the Cudgeler (Ogre Berserker)                Turns: 2922, Time: 00:05:31

Health: -5/67      AC:  4    Str: 30    XL:     6   Next: 85%
Magic:  6/6        EV: 11    Int:  6    God:    Trog [***...]
Gold:   65         SH:  0    Dex:  9    Spells: 0 memorised, 5 levels left

rFire  . . .     SeeInvis .     a - +0 mace
rCold  . . .     Clarity  .     b - +0 animal skin
rNeg   . . .     SustAt   .     (no shield)
rPois  .         Gourm    .     (helmet restricted)
rElec  .         Spirit   .     w - +0 cloak
rCorr  .         Warding  .     (gloves unavailable)
rMut   .         Rnd*Tele +     (boots unavailable)
MR     .....                    (no amulet)
Stlth  +.........               (no ring)
                                f - ring of teleportation

@: mighty, exhausted, slowed, very slow, not resistant to hostile enchantments,
very unstealthy
A: unfitting armour, tough skin 1
a: Berserk, Trog's Hand, Burn Spellbooks, Renounce Religion, Evoke Teleportation


You were on level 4 of the Dungeon.
You worshipped Trog.
Trog was most pleased with you.
You were not hungry.

You visited 1 branch of the dungeon, and saw 4 of its levels.

You collected 65 gold pieces.

Inventory:

Hand Weapons
 a - a +0 mace (weapon)
Armour
 b - a +0 animal skin (worn)
 w - a +0 cloak (worn)
Jewellery
 f - a ring of teleportation (left hand)
Wands
 m - a wand of slowing (6)
 s - a wand of random effects (17)
 v - a wand of confusion (29)
 x - a wand of flame (32)
Scrolls
 h - 2 scrolls of remove curse
 j - 6 scrolls of identify
 k - 2 scrolls of fog
Potions
 g - a potion of poison {unknown}
 n - a potion of mutation {unknown}
 u - a potion of berserk rage
Comestibles
 c - 2 bread rations
 i - 2 meat rations
 l - 2 royal jellies
 p - 2 fruits
 q - a beef jerky
 t - a slice of pizza


   Skills:
 * Level 6.3 Fighting
 * Level 6.5 Maces & Flails
 + Level 4.5 Dodging


You had 5 spell levels left.
You didn't know any spells.

Dungeon Overview and Level Annotations

Branches:
Dungeon (4/15)
 Temple: D:4-7

Altars:
Dithmenos
Kikubaaqudgha
Vehumet


Innate Abilities, Weirdness & Mutations

You are too large for most types of armour.
You have tough skin (AC +1).


Message History

You are exhausted.
You feel yourself slow down.
You feel sick.
A worker ant comes into view.
The worker ant twitches its antennae in your direction.
You feel sick. The worker ant barely misses you.
Read which item? (? for menu, Esc to quit)
Okay, then.
Drink which item? (? for menu, Esc to quit)
It was a potion of might.
You feel very mighty all of a sudden.
You feel sick.
You are no longer poisoned.
The worker ant misses you. The worker ant bites you.
* * * LOW HITPOINT WARNING * * *
Drink which item? (? for menu, Esc to quit)
It was a potion of cure mutation.
It has a very clean taste.
The worker ant barely misses you. The worker ant bites you.
You die...

.# ###. #...
#..# #..##
#...###.###
#..........
#...###....
..####.@## ##
.......a#
#.#####.# #.#
.......>.....#
#.#####.######
#.. ###


You could see a worker ant.

Vanquished Creatures
  An ogre (D:3)
  A giant frog (D:3)
  2 vampire bats (D:4)
  Robin (D:3)
  3 adders
  4 gnolls (D:3)
  An ooze (D:1)
  3 worms (D:2)
  A giant gecko (D:2)
  2 ball pythons
  8 bats
  2 bat skeletons (D:4)
  2 bat zombies (D:4)
  14 goblins
  12 hobgoblins
  12 kobolds
  3 quokkas
  3 giant cockroaches (D:2)
  3 giant newts
  9 jackals
  6 rats
93 creatures vanquished.

Notes
Turn   | Place    | Note
--------------------------------------------------------------
     0 | D:1      | Heskey the Ogre Berserker began the quest for the Orb.
     0 | D:1      | Reached XP level 1. HP: 24/24 MP: 1/1
   121 | D:1      | Reached XP level 2. HP: 12/32 MP: 2/2
   691 | D:1      | Reached XP level 3. HP: 32/40 MP: 3/3
   989 | D:2      | Found a radiant altar of Vehumet.
  1096 | D:2      | Reached ** piety under Trog
  1367 | D:2      | Reached XP level 4. HP: 38/49 MP: 4/4
  1590 | D:2      | Reached skill level 5 in Fighting
  1725 | D:3      | Noticed an ogre
  1736 | D:3      | Killed an ogre
  1736 | D:3      | Reached skill level 5 in Maces & Flails
  1736 | D:3      | Reached XP level 5. HP: 11/57 MP: 5/5
  2093 | D:3      | Noticed Robin
  2117 | D:3      | Killed Robin
  2120 | D:3      | Reached *** piety under Trog
  2286 | D:3      | Found a shadowy altar of Dithmenos.
  2326 | D:3      | Noticed a giant frog
  2342 | D:3      | Killed a giant frog
  2342 | D:3      | Reached skill level 6 in Fighting
  2342 | D:3      | Reached XP level 6. HP: 67/67 MP: 6/6
  2807 | D:4      | Found an ancient bone altar of Kikubaaqudgha.
  2906 | D:4      | HP: 4/100 [adder (4)]
  2912 | D:4      | HP: 3/100 [poisoned by an adder]
  2918 | D:4      | HP: 2/67 [poisoned by an adder]
  2922 | D:4      | Slain by a worker ant

Action                   |  1- 3 |  4- 6 || total
-------------------------+-------+-------++-------
Melee: Mace              |   115 |   162 ||   277
Invok: Berserk           |       |     4 ||     4
  Use: Scroll            |       |     7 ||     7
       Potion            |       |     2 ||     2
 Stab: Sleeping          |     2 |       ||     2
  Eat: Chunk             |     1 |     8 ||     9
       Bread ration      |       |     1 ||     1
